 Dungeon Crawl Stone Soup version 0.17-a0-1646-geb1493d (webtiles) character file.

366 Nakatomy the Magician (level 6, -2/45 HPs)
             Began as a Draconian Fire Elementalist on Aug 1, 2015.
             Slain by an ogre
             ... wielding a +0 giant club
              (21 damage)
             ... on level 4 of the Dungeon on Aug 10, 2015.
             The game lasted 00:42:41 (6880 turns).

Nakatomy the Magician (Draconian Fire Elementalist) Turns: 6880, Time: 00:42:41

Health: -2/45      AC:  6    Str: 10    XL:     6   Next: 40%
Magic:  3/13       EV:  6    Int: 18    God:
Gold:   182        SH:  5    Dex: 11    Spells: 2 memorised, 11 levels left

rFire  x . .     SeeInvis +     n - +2 dagger (venom)
rCold  + . .     Clarity  .     (armour unavailable)
rNeg   . . .     SustAt   .     h - +2 buckler {rPois}
rPois  +         Gourm    .     (helmet restricted)
rElec  .         Spirit   .     (no cloak)
rCorr  .         Warding  .     (no gloves)
rMut   .         Stasis   .     (no boots)
MR     .....                    (no amulet)
Stlth  ++........               f - ring of ice
                                k - ring of see invisible

@: very slightly contaminated, not resistant to hostile enchantments, unstealthy
A: unfitting armour, cold-blooded, AC +6
a: no special abilities


You were on level 4 of the Dungeon.
You were not hungry.

You visited 1 branch of the dungeon, and saw 4 of its levels.

You collected 182 gold pieces.

Inventory:

Hand weapons
 n - a +2 dagger of venom (weapon)
 r - a +0 dagger of freezing
 s - a +0 dagger
Armour
 h - a +2 buckler of poison resistance (worn)
Jewellery
 c - an uncursed amulet of faith
 f - a ring of ice (right hand)
 k - a ring of see invisible (left hand)
Scrolls
 e - a scroll of remove curse
 g - a scroll of fear
 i - a scroll of random uselessness
 l - 2 scrolls of identify
Potions
 d - 2 potions of haste {unknown}
 j - a potion of agility {unknown}
 m - a potion of curing {unknown}
 q - a potion of resistance {unknown}
 v - 2 potions of brilliance {unknown}
Books
 a - a book of Flames

   Spells                             Type                      Level
   a - Flame Tongue                   Conjuration/Fire             1
   b - Throw Flame                    Conjuration/Fire             2
   c - Conjure Flame                  Conjuration/Fire             3
   d - Inner Flame                    Hexes/Fire                   3
   e - Sticky Flame                   Conjuration/Fire             4
   f - Fireball                       Conjuration/Fire             5
Comestibles
 b - a bread ration


   Skills:
 - Level 1.7 Dodging
 - Level 1.7 Stealth
 * Level 4.9 Spellcasting
 + Level 3.2 Conjurations
 + Level 4.1 Fire Magic


You had 11 spell levels left.
You knew the following spells:

 Your Spells              Type           Power        Failure   Level  Hunger
a - Flame Tongue          Conj/Fire      #....        8%          1    None
b - Throw Flame           Conj/Fire      #.....       10%         2    #......


Dungeon Overview and Level Annotations

Branches:
Dungeon (4/15)
 Temple: D:4-7

Altars:
Elyvilon
Kikubaaqudgha
Xom

Annotations:
D:2 1 exclusion, Natasha
D:4 trantor's ghost, average HEHu


Innate Abilities, Weirdness & Mutations

Your plain brown scales are hard (AC +6).
Your body does not fit into most forms of armour.
You are cold-blooded and may be slowed by cold attacks.


Message History

Confirm with . or Enter, or press ? or * to list all spells.
Aiming: Flame Tongue
Press: ? - help, Shift-Dir - straight line, f - adder, p - ogre
Aim: an adder (almost dead)
You feel a numb sensation.
The flame tongue hits the adder.
You kill the adder!
You feel sick.
You feel sick.
You feel sick.
You feel sick.
You are no longer poisoned.
There is a stone staircase leading up here.
Read which item? (? for menu, Esc to quit)
Okay, then.
Drink which item? (? for menu, Esc to quit)
Okay, then.
Unknown command.
Unknown command.
The ogre hits you with a giant club!!
You die...

### ###
#.#############@#
#............##O#
##.##########.##.#
.)...# #.##.#
##.#.# #....#
...#.# ######
.###.### .# #...#
.# #...#


You could see an ogre.

Vanquished Creatures
  Menkaure (D:4)
  2 orc wizards
  Robin (D:4)
  8 adders
  An adder skeleton (D:4)
  2 worms (D:3)
  4 giant geckos
  6 orcs
  9 bats
  5 giant cockroaches
  20 goblins
  11 hobgoblins
  2 ball pythons (D:1)
  5 giant newts
  5 kobolds
  2 quokkas (D:3)
  16 rats
100 creatures vanquished.

Notes
Turn   | Place    | Note
--------------------------------------------------------------
     0 | D:1      | Nakatomy the Draconian Fire Elementalist began the quest for the Orb.
     0 | D:1      | Reached XP level 1. HP: 14/14 MP: 3/3
   890 | D:1      | Reached XP level 2. HP: 20/20 MP: 0/5
   894 | D:1      | Learned a level 2 spell: Throw Flame
  1940 | D:2      | Reached XP level 3. HP: 26/26 MP: 0/7
  2759 | D:2      | Found an ancient bone altar of Kikubaaqudgha.
  2875 | D:2      | Reached XP level 4. HP: 30/33 MP: 2/8
  3115 | D:3      | Noticed Natasha
  3535 | D:2      | Upgraded the game from 0.17-a0-1614-g2062e81 to 0.17-a0-1646-geb1493d
  4239 | D:3      | Found a white marble altar of Elyvilon.
  4239 | D:3      | Found a shimmering altar of Xom.
  4435 | D:3      | Reached XP level 5. HP: 35/38 MP: 1/10
  5010 | D:4      | Noticed trantor's ghost (average HEHu)
  5709 | D:4      | Reached skill level 4 in Spellcasting
  6021 | D:4      | Noticed Menkaure
  6245 | D:4      | Noticed Robin
  6576 | D:4      | Killed Robin
  6807 | D:4      | Killed Menkaure
  6807 | D:4      | Reached XP level 6. HP: 23/45 MP: 5/13
  6836 | D:4      | Noticed an ogre
  6880 | D:4      | Slain by an ogre

Vault maps used:
D:1:      roderic_octagonal_star
D:2:      nicolae_overflow_crystal_walls, serial_bayou_lake_a
D:3:      amethyst_overflow_temple_binary, st_stairs_5, minmay_goblin_outpost,
          uniq_natasha
D:4:      nicolae_gozag_cash_rules_everything_around_me, first_bread,
          minmay_misc_feat_rugged, uniq_menkaure, uniq_robin

Action                   |  1- 3 |  4- 6 || total
-------------------------+-------+-------++-------
Melee: Unarmed           |    37 |       ||    37
       Dagger            |     1 |    38 ||    39
 Cast: Flame Tongue      |    60 |   107 ||   167
       Throw Flame       |    22 |    54 ||    76
  Use: Scroll            |       |    10 ||    10
       Potion            |       |     1 ||     1
  Eat: Chunk             |     7 |    10 ||    17
       Bread ration      |       |     1 ||     1
       Beef jerky        |       |     1 ||     1
